 Dungeon Crawl Stone Soup version 0.32-a0-42-ga30500b4d3 (webtiles) character file.

Game seed: 13242080204087148333

107 Atlas the Digger (level 4, -3/30 HPs)
             Began as a Demonspawn Earth Elementalist on Jan 31, 2024.
             Slain by an iguana (7 damage)
             ... on level 4 of the Dungeon.
             The game lasted 00:02:57 (2790 turns).

Atlas the Digger (Demonspawn Earth Elementalist)    Turns: 2790, Time: 00:02:57

Health: -3/30      AC:  4    Str:  9    XL:     4   Next: 56%
Magic:  3/9        EV: 12    Int: 17    God:
Gold:   49         SH:  4    Dex: 13    Spells: 5/9 levels left

rFire   . . .        c - +1 dagger (drain)
rCold   . . .        (no shield)
rNeg    . . .        a - +0 robe
rPois   .            i - +0 helmet
rElec   .            (no cloak)
rCorr   .            r - +0 pair of gloves
SInv    .            (no boots)
Will    .....        (no amulet)
Stlth   ++           (no ring)
HPRegen 0.25/turn    (no ring)
MPRegen 0.11/turn

%: no passive effects
@: no status effects
A: hooves 1, large bone plates 1
a: no special abilities


You were on level 4 of the Dungeon.
You visited 1 branch of the dungeon, and saw 4 of its levels.

You collected 149 gold pieces.
You spent 100 gold pieces at shops.

Inventory:

Hand Weapons
 c - a +1 dagger of draining (weapon)
Armour
 a - a +0 robe (worn)
 i - a +0 helmet (worn)
 r - a +0 pair of gloves (worn)
Scrolls
 d - 3 scrolls of identify {unknown}
 e - 2 scrolls of noise {unknown}
 f - a scroll of torment {unknown}
 j - 2 scrolls of immolation {unknown}
 k - a scroll of blinking {unknown}
 q - a scroll of amnesia {unknown}
 s - a scroll of poison {unknown}
 t - a scroll of enchant armour {unknown}
 u - a scroll of teleportation {unknown}
Potions
 b - a potion of magic
 g - a potion of might {unknown}
 h - a potion of haste {unknown}
 l - 4 potions of heal wounds
 m - a potion of brilliance {unknown}
 n - a potion of mutation {unknown}
 o - a potion of invisibility {unknown}
 p - a potion of cancellation {unknown}


   Skills:
 + Level 2.1 Dodging
 + Level 2.1 Stealth
 + Level 3.3 Spellcasting
 + Level 1.0 Conjurations
 + Level 3.7 Earth Magic


You had 5 spell levels left.
You knew the following spells:

 Your Spells              Type           Power      Damage    Failure   Level
a - Sandblast             Erth           30%        2d9       3%          1
c - Stone Arrow           Conj/Erth      20%        3d8       19%         3

Your spell library contained the following spells:

 Spells                   Type           Power      Damage    Failure   Level
 Passwall                 Erth           15%        N/A       11%         3
 Ensorcelled Hibernation  Hex/Ice        4%         N/A       26%         2
 Swiftness                Air            2%         N/A       45%         3
 Tukima's Dance           Hex            2%         N/A       45%         3
 Brom's Barrelling Bould  Conj/Erth      10%        2d3       54%         4
 Petrify                  Alch/Erth      9%         N/A       61%         4
 Passage of Golubria      Tloc           2%         N/A       86%         4
 Yara's Violent Unravell  Hex/Alch       1%         3d3       99%         5


Dungeon Overview and Level Annotations

Branches:
Dungeon (4/15)
 Temple: D:4-7

Altars:

Shops:
D:2 (   D:3 !:[   D:4 =


Innate Abilities, Weirdness & Mutations

You have large cloven feet.
You are partially covered in large bone plates. (SH +4)


Message History

The iguana hisses angrily.
The blast of sand hits the iguana but does no damage.
The blast of sand hits the iguana but does no damage.
The blast of sand misses the iguana.
The iguana bites you. x2
An iguana is nearby!
Casting: Sandblast (safe; 3% risk of failure)
Confirm with . or Enter, or press ? or * to list all spells.
Aiming: Sandblast (safe; 3% risk of failure)
Press: ? - help, Shift-Dir - straight line, f/p - iguana
Aim: an iguana (84% to hit)
The blast of sand hits the iguana but does no damage.
The iguana barely misses you.
Unknown command.
Casting: Sandblast (safe; 3% risk of failure)
Confirm with . or Enter, or press ? or * to list all spells.
Aiming: Sandblast (safe; 3% risk of failure)
Press: ? - help, Shift-Dir - straight line, f/p - iguana
Aim: an iguana (84% to hit)
The blast of sand hits the iguana but does no damage.
The iguana bites you! The iguana closely misses you.
Unknown command.
Casting: Sandblast (safe; 3% risk of failure)
Confirm with . or Enter, or press ? or * to list all spells.
Aiming: Sandblast (safe; 3% risk of failure)
Press: ? - help, Shift-Dir - straight line, f/p - iguana
Aim: an iguana (84% to hit)
The blast of sand hits the iguana.
The iguana is moderately wounded.
The iguana bites you!
* * * LOW HITPOINT WARNING * * *
Casting: Sandblast (safe; 3% risk of failure)
Confirm with . or Enter, or press ? or * to list all spells.
Aiming: Sandblast (safe; 3% risk of failure)
Press: ? - help, Shift-Dir - straight line, f/p - iguana
Aim: an iguana (moderately wounded, 84% to hit)
The blast of sand hits the iguana but does no damage.
The iguana is moderately wounded.
The iguana bites you but does no damage.
The iguana bites you!
You die...

#.# #........
#.######........
#...............
#####.............[.
...............######
.#####.........#
...+.........#
##.####.#.........#
#.....l@..........#
#..######.........#
###########


You could see an iguana.

Vanquished Creatures
  A hound (D:4)
  An iguana (D:4)
  An adder (D:2)
  A ribbon worm (D:2)
  An orc (D:3)
  2 endoplasms (D:1)
  2 giant cockroaches
  4 hobgoblins
  4 quokkas
  2 ball pythons
  5 bats
  4 frilled lizards
  4 goblins
  A kobold (D:1)
  9 rats
42 creatures vanquished.

Notes
Turn   | Place    | Note
-------+----------+-------------------------------------------
     0 | D:1      | Atlas the Demonspawn Earth Elementalist began the quest for
                  | the Orb.
     0 | D:1      | Reached XP level 1. HP: 13/13 MP: 3/3
   337 | D:1      | Gained mutation: You have large cloven feet. [demonic
                  | ancestry]
   337 | D:1      | Reached XP level 2. HP: 19/19 MP: 1/5
  1040 | D:2      | Reached XP level 3. HP: 24/24 MP: 4/6
  1402 | D:2      | Found Wymuo's Weapon Emporium.
  1656 | D:3      | Learned a level 3 spell: Stone Arrow
  1836 | D:3      | Found Sebbuusi's Antique Armour Boutique.
  1945 | D:3      | Found Xuplarhi's Book Shop.
  1999 | D:3      | Found Xuol's Distillery.
  2014 | D:3      | Bought 2 potions of heal wounds for 100 gold pieces
  2575 | D:4      | Gained mutation: You are partially covered in large bone
                  | plates. (SH +4) [demonic ancestry]
  2575 | D:4      | Reached XP level 4. HP: 29/30 MP: 3/8
  2715 | D:4      | Found Leaps's Jewellery Emporium.
  2790 | D:4      | Slain by an iguana

Illustrated notes

Levels and vault maps discovered:
D:1:      amcnicky_arrival_flooded_fountain, layout_basic, minivault_4
D:2:      layout_loops_ring, serial_shops, nicolae_shop_stone
D:3:      layout_loops_corners, serial_shops, nicolae_lakefront_shop, shop,
          nicolae_shop_tiny_glass
D:4:      layout_basic, serial_shops, shop, uniq_crazy_yiuf_cottage,
          uniq_natasha

Skill      XL: |  1  2  3  4 |
---------------+-------------+-----
Earth Magic    | 3 |  3.7
Stealth        | 2 |  2.1
Dodging        | 2 |  2.1
Spellcasting   | 3 |  3.3
Conjurations   | |  1.0

Action                     |  1- 3 |  4- 6 || total
---------------------------+-------+-------++-------
  Melee: Dagger            |    16 |       ||    16
         Kick              |     4 |       ||     4
   Cast: Sandblast         |    54 |    15 ||    69
 Armour: Robe              |    16 |     7 ||    23
  Dodge: Dodged            |    25 |     3 ||    28

Table legend: (Time is in decaauts)
 A = Elapsed time spent in this place.
 B = Non-inter-level travel time spent in this place.
 C = Inter-level travel time spent in this place.
 D = Time resting spent in this place.
 E = Time spent auto-exploring this place.
 F = Levels seen in this place.
 G = Mean time per level.
                   A        B        C        D        E       F      G
               +--------+--------+--------+--------+--------+-----+--------+
         Total |   2823 |   2770 |     53 |      0 |   2461 |   4 |  705.8 |
       Dungeon |   2823 |   2770 |     53 |      0 |   2461 |   4 |  705.8 |
               +--------+--------+--------+--------+--------+-----+--------+

Top non-repeatable levels by time:
     D:3: 930 daAuts
     D:1: 841 daAuts
     D:2: 818 daAuts
     D:4: 234 daAuts
